 Dungeon Crawl Stone Soup version 0.26-a0-455-g0958c023ba (webtiles) character file.

Game seed: 2502859875640840837

250 Goblin1989 the Twirler (level 6, 0/55 HPs)
             Began as a Kobold Gladiator on July 29, 2020.
             Was an Initiate of Cheibriados.
             Succumbed to Sigmund's poison
             ... on level 3 of the Dungeon.
             The game lasted 00:02:50 (2219 turns).

Goblin1989 the Twirler (Kobold Gladiator)           Turns: 2219, Time: 00:02:50

Health: 0/55       AC: 23    Str: 14    XL:     6   Next: 35%
Magic:  6/6        EV:  3    Int: 10    God:    Cheibriados [......]
Gold:   101        SH:  0    Dex: 18    Spells: 5/5 levels left

rFire    . . .     SeeInvis .   a - +0 quarterstaff
rCold    . . .     Faith    .   (shield currently unavailable)
rNeg     + + +     Spirit   .   (armour currently unavailable)
rPois    +         Reflect  .   (helmet currently unavailable)
rElec    .         Harm     .   (cloak currently unavailable)
rCorr    .         NoTele   +   (gloves currently unavailable)
MR       .....                  (boots currently unavailable)
Stlth    +++.......             e - amulet of magic regeneration
HPRegen  0.18/turn              (no ring)
MPRegen  0.35/turn              (no ring)

@: brilliant, lethally poisoned (0 -> -9), tree-form, very slow
A: small, nightstalker 3
a: Bend Time, Renounce Religion


You were on level 3 of the Dungeon.
You worshipped Cheibriados.
Cheibriados was noncommittal.
You were a tree.
You visited 1 branch of the dungeon, and saw 3 of its levels.

You collected 101 gold pieces.

Inventory:

Hand Weapons
 a - a +0 quarterstaff (weapon)
Missiles
 Z - 3 throwing nets (quivered) {!d , @Q1}
Armour
 b - a +0 leather armour (melded)
 c - a +0 helmet (melded)
 N - a +0 cloak
Jewellery
 e - an amulet of magic regeneration (around neck)
 L - an uncursed amulet of reflection {unknown}
Scrolls
 O - 3 scrolls of magic mapping {unknown}
 P - a scroll of remove curse {unknown}
 Q - 2 scrolls of teleportation {unknown}
 R - a scroll of identify {unknown}
 U - a scroll of fear {unknown}
 V - a scroll of random uselessness {unknown}
 W - a scroll of noise {unknown}
 X - 2 scrolls of enchant armour {unknown}
 Y - a scroll of immolation {unknown}


   Skills:
 + Level 3.2 Fighting
 * Level 5.3 Staves
 - Level 2.1 Throwing
 + Level 4.4 Dodging


You had 5 spell levels left.
You didn't know any spells.
Your spell library contained the following spells:

 Spells                   Type           Power        Failure   Level
 Animate Skeleton         Necr           #.....       36%         1
 Apportation              Tloc           #.....       36%         1
 Corona                   Hex            #......      36%         1
 Summon Small Mammal      Summ           #...         36%         1


Dungeon Overview and Level Annotations

Branches:
Dungeon (3/15)

Altars:
Cheibriados
Makhleb


Innate Abilities, Weirdness & Mutations

You are small and have problems with some larger weapons.
You are completely attuned to the shadows.


Message History

Sigmund is severely wounded.
You feel very sick. The adder bites you but does no damage.
The kobold hits you but does no damage. Sigmund hits you but does no damage.
You take 4 damage, and have 28/39 hp.
You hit Sigmund.
Sigmund is severely wounded.
You feel sick. The adder completely misses you.
The kobold hits you but does no damage.
You take 2 damage, and have 26/39 hp.
You hit Sigmund.
Sigmund is severely wounded.
You feel very sick. The adder bites you but does no damage.
Sigmund points at you and mumbles some strange words.
The puff of flame hits you but does no damage.
The kobold hits you but does no damage. The adder bites you but does no damage.
You take 3 damage, and have 23/39 hp.
You thump Sigmund!
Sigmund is almost dead.
You feel very sick.
Sigmund casts a spell.
Sigmund flickers and vanishes!
Deactivating autopickup; reactivate with Ctrl-A.
The adder bites you but does no damage. The kobold hits you but does no damage.
You take 2 damage, and have 21/39 hp.
You closely miss something.
You feel sick. The adder bites you but does no damage. Something hits you.
* * * LOW HITPOINT WARNING * * *
The kobold hits you but does no damage. The adder bites you but does no damage.
You take 8 damage, and have 13/39 hp.
MASSIVE DAMAGE!!
You hit something but do no damage.
* * * LOW HITPOINT WARNING * * *
You feel very sick. The kobold hits you but does no damage.
The adder bites you but does no damage.
You hear some strange, mumbled words.
A puff of flame appears from out of thin air!
The puff of flame hits you but does no damage.
You take 3 damage, and have 10/39 hp.
You hit something.
Cheibriados thoroughly appreciates the change of pace.
Reactivating autopickup.
Your Fighting skill increases to level 3!
Your Staves skill increases to level 5!
Your Dodging skill increases to level 4!
You have reached level 5!
You feel agile.
You have reached level 6!
Your experience leads to an increase in your attributes!
Your base attributes are Str 12, Int 9, Dex 17.
Increase (s)trength, (i)ntelligence, or (d)exterity?
You feel stronger.
You feel a bit more experienced.
* * * LOW HITPOINT WARNING * * *
You feel sick. The adder bites you but does no damage.
The kobold hits you but does no damage. The adder bites you but does no damage.
You regained 2 hp, and now have 12/55 hp.
MP restored: 6 Unknown command.
You miss the adder.
* * * LOW HITPOINT WARNING * * *
You feel sick. The kobold hits you but does no damage. The adder bites you.
* * * LOW HITPOINT WARNING * * *
You take 4 damage, and have 8/55 hp.
You completely miss the adder.
* * * LOW HITPOINT WARNING * * *
You feel sick. The kobold barely misses you.
The adder bites you but does no damage.
You hit the adder.
The adder is moderately wounded.
* * * LOW HITPOINT WARNING * * *
You feel sick. The adder bites you but does no damage.
The kobold hits you but does no damage.
You take 2 damage, and have 6/55 hp.
You barely miss the adder.
The adder is moderately wounded.
* * * LOW HITPOINT WARNING * * *
You feel sick. The adder bites you but does no damage.
The kobold completely misses you. The adder completely misses you.
You take 1 damage, and have 5/55 hp.
You sock the adder!
You kill the adder!
Cheibriados thoroughly appreciates the change of pace.
* * * LOW HITPOINT WARNING * * *
You feel sick. The kobold barely misses you.
The kobold hits you but does no damage.
You take 2 damage, and have 3/55 hp.
You barely miss the kobold.
* * * LOW HITPOINT WARNING * * *
You feel sick. The kobold hits you but does no damage.
You take 1 damage, and have 2/55 hp.
You barely miss the kobold.
* * * LOW HITPOINT WARNING * * *
You feel sick. The kobold hits you but does no damage.
You take 1 damage, and have 1/55 hp.
You barely miss the kobold.
* * * LOW HITPOINT WARNING * * *
You feel sick. The kobold hits you but does no damage.
You miss the kobold.
You die...

.. ...
..........█████████
.................[███
..(...█ ██..█████....
!..K.)█ ██..████████
....♣███████...█
....?(...))..<..█ █
....>....██████..
.[.......█ .█
.........█ ███
.......... ... ..████
█.. ..█ █


You could see a kobold.

Vanquished Creatures
  Sigmund (D:3)
  3 adders
  2 worms (D:2)
  2 dart slugs (D:1)
  2 leopard geckos (D:1)
  4 orcs (D:3)
  6 bats
  A giant cockroach (D:2)
  5 goblins
  6 hobgoblins
  6 kobolds
  6 frilled lizards
  7 rats
51 creatures vanquished.

Notes
Turn   | Place    | Note
-------+----------+-------------------------------------------
     0 | D:1      | Goblin1989 the Kobold Gladiator began the quest for the
                  | Orb.
     0 | D:1      | Reached XP level 1. HP: 12/12 MP: 1/1
   110 | D:1      | Reached skill level 3 in Staves
   117 | D:1      | Reached XP level 2. HP: 15/17 MP: 2/2
   360 | D:1      | Reached XP level 3. HP: 21/21 MP: 3/3
   959 | D:2      | Reached skill level 4 in Staves
  1010 | D:2      | Found a snail-covered altar of Cheibriados.
  1172 | D:2      | Became a worshipper of Cheibriados the Contemplative
  1299 | D:2      | Found a faded altar of an unknown god.
  1330 | D:2      | Found a burning altar of Makhleb.
  1332 | D:2      | Noticed a green death
  1333 | D:2      | Noticed a ynoxinul
  1333 | D:2      | Noticed a smoke demon
  1373 | D:2      | Reached XP level 4. HP: 26/26 MP: 4/4
  2193 | D:3      | Noticed Sigmund
  2210 | D:3      | Killed Sigmund
  2210 | D:3      | Reached skill level 5 in Staves
  2210 | D:3      | Reached XP level 5. HP: 12/32 MP: 5/5
  2210 | D:3      | Reached XP level 6. HP: 14/37 MP: 6/6
  2216 | D:3      | HP: 2/55 [poisoned by Sigmund]
  2219 | D:3      | Succumbed to Sigmund's poison

Illustrated notes

Levels and vault maps discovered:
D:1:      denvon_arrival_planthouse, layout_basic
D:2:      layout_basic, makhleb_altar_promises_db,
          chequers_ecumenical_altar_simple, cheibriados_altar_1
D:3:      layout_rooms, chequers_temple_overflow_minitemple, uniq_sigmund,
          uniq_jessica, uniq_grinder

Skill      XL: |  1  2  3  4 |
---------------+-------------+-----
Staves         | 3 4 5 |  5.3
Fighting       | 3 |  3.2
Dodging        | 4 |  4.4
Throwing       | |  2.1

Action                   |  1- 3 |  4- 6 || total
-------------------------+-------+-------++-------
Melee: Quarterstaff      |    99 |    63 ||   162
  Use: Potion            |       |     4 ||     4
 Stab: Sleeping          |     8 |     1 ||     9
Armor: Leather armour    |    17 |     6 ||    23
       Skin              |       |    40 ||    40
Dodge: Dodged            |    77 |    54 ||   131

Table legend: (Time is in decaauts)
 A = Elapsed time spent in this place.
 B = Non-inter-level travel time spent in this place.
 C = Inter-level travel time spent in this place.
 D = Time resting spent in this place.
 E = Time spent auto-exploring this place.
 F = Levels seen in this place.
 G = Mean time per level.
                   A        B        C        D        E       F      G
               +--------+--------+--------+--------+--------+-----+--------+
         Total |   2434 |   2337 |     97 |    191 |   1828 |   3 |  811.3 |
       Dungeon |   2434 |   2337 |     97 |    191 |   1828 |   3 |  811.3 |
               +--------+--------+--------+--------+--------+-----+--------+

Top non-repeatable levels by time:
     D:2: 1047 daAuts
     D:1: 901 daAuts
     D:3: 485 daAuts
